 Dungeon Crawl Stone Soup version 0.31.0-11-ge490571c62 (webtiles) character file.

Game seed: 7648629997031132976

1978 Fodor the Cleaver (level 9, 0/78 HPs)
             Began as a Minotaur Fighter on Jan 31, 2024.
             Killed by divine providence
             ... invoked by an orc priest
              (14 damage)
             ... on level 5 of the Dungeon on Feb 1, 2024.
             The game lasted 00:27:05 (5117 turns).

Fodor the Cleaver (Minotaur Fighter)                Turns: 5117, Time: 00:27:05

Health: 0/78       AC: 12    Str: 22    XL:     9   Next: 1%
Magic:  8/8        EV:  9    Int: 11    God:
Gold:   211        SH:  5    Dex: 13    Spells: 8/8 levels left

rFire   . . .        n - +2 sling (flame)
rCold   . . .        c - +0 buckler
rNeg    . . .        f - +0 chain mail
rPois   .            (helmet restricted)
rElec   .            h - +0 cloak
rCorr   .            (no gloves)
SInv    .            (no boots)
Will    .....        o - amulet of the acrobat Stlth
                     u - +6 ring of intelligence
HPRegen 0.33/turn    (no ring)
MPRegen 0.11/turn

%: acrobat
@: attractive
A: horns 2, retaliatory headbutt
a: no special abilities


You were on level 5 of the Dungeon.
You visited 1 branch of the dungeon, and saw 6 of its levels.

You collected 211 gold pieces.

Inventory:

Hand Weapons
 a - a +0 war axe
 n - a +2 sling of flaming (weapon)
 s - a +0 orcbow
Armour
 c - a +0 buckler (worn)
 f - a +0 chain mail (worn)
 h - a +0 cloak (worn)
Jewellery
 o - an amulet of the acrobat (around neck)
 u - a +6 ring of intelligence (left hand)
Wands
 r - a wand of digging (5)
Scrolls
 b - 2 scrolls of poison {unknown}
 e - 8 scrolls of identify
 g - a scroll of noise {unknown}
 i - 2 scrolls of blinking {unknown}
 m - a scroll of vulnerability {unknown}
 p - 2 scrolls of teleportation {unknown}
 q - a scroll of enchant weapon {unknown}
 t - a scroll of fog
Potions
 d - 3 potions of might
 j - a potion of curing
 k - a potion of enlightenment {unknown}
 l - a potion of attraction
 v - a potion of heal wounds {unknown}
 w - a potion of degeneration {unknown}


   Skills:
 + Level 6.5 Fighting
 + Level 9.3 Axes
 + Level 3.6 Ranged Weapons
 + Level 7.6 Armour
 + Level 1.9 Dodging
 + Level 1.2 Stealth
 + Level 5.0 Shields


You had 8 spell levels left.
You didn't know any spells.
Your spell library contained the following spells:

 Spells                   Type           Power      Damage    Failure   Level
 Cigotuvi's Dreadful Rot  Necr/Alch/Air  0%         N/A       98%         2
 Hailstorm                Conj/Ice       0%         3d5       100%        3
 Summon Ice Beast         Ice/Summ       0%         N/A       100%        3
 Volatile Blastmotes      Fire/Tloc      0%         2d10      100%        3
 Dispel Undead            Necr           0%         3d6       100%        4
 Fulminant Prism          Conj/Alch      0%         3d5       100%        4
 Iskenderun's Mystic Bla  Conj/Tloc      0%         2d3       100%        4
 Martyr's Knell           Necr/Summ      0%         N/A       100%        4
 Death Channel            Necr           0%         N/A       100%        6
 Sculpt Simulacrum        Ice/Alch       0%         N/A       100%        6
 Haunt                    Necr/Summ      0%         N/A       100%        7
 Borgnjor's Revivificati  Necr           0%         N/A       100%        8
 Death's Door             Necr           0%         N/A       100%        9


Dungeon Overview and Level Annotations

Branches:
Dungeon (6/15)
 Temple: D:4-7

Altars:
Elyvilon


Innate Abilities, Weirdness & Mutations

You have a pair of horns on your head.
You reflexively headbutt those who attack you in melee.


Message History

The orc warrior is healed somewhat.
The orc barely misses you.
You clumsily bash the orc warrior but do no damage.
The orc warrior is moderately wounded.
The orc barely misses you.
The orc priest invokes the aid of Beogh against you.
Beogh smites you! The orc closely misses you.
The orc wizard hits you but does no damage.
The orc warrior hits you with a +0 battleaxe!
The orc barely misses you.
The orc priest begins to cast a cantrip, but forgets the words!
The orc wizard barely misses you. The orc hits you but does no damage.
The orc warrior barely misses you.
You can't go down here!
The orc wizard closely misses you.
The orc warrior hits you with a +0 battleaxe!
* * * LOW HITPOINT WARNING * * *
The orc hits you with a +0 flail.
* * * LOW HITPOINT WARNING * * *
The orc priest hits you but does no damage.
The orc hits you but does no damage.
You climb upwards.
There is a stone staircase leading down here.
You clumsily bash the orc but do no damage.
The orc hits you with a +0 flail.
* * * LOW HITPOINT WARNING * * *
The orc priest barely misses you. The orc hits you but does no damage.
The orc wizard gestures at you while chanting.
You easily resist.
The orc warrior hits you with a +0 battleaxe!
* * * LOW HITPOINT WARNING * * *
It was a potion of attraction.
You feel attractive to monsters. The orc misses you.
The orc priest looks braver for a moment.
The orc barely misses you. The orc wizard barely misses you.
The orc warrior misses you.
It was a potion of curing.
You feel better. You block the orc's attack.
The orc priest mumbles some strange prayers to Beogh against you.
Beogh smites you!
You die...

###########
#>...o.o..#############
#....o@................
#....o.o..#...#########
#.........#...# ###....
#.............# #.'....
#.............# #.#....
#<..........### #.#....
#......)..#..####.#.###
#.........##...........
#.............###.#.###


You could see an orc warrior, an orc priest, an orc wizard and 2 orcs.

Vanquished Creatures
  Pikel (D:4)
  The ghost of SuperJoe the Ducker, a novice OpRe (D:5)
  A yak (D:5)
  An ice beast (D:5)
  A black bear (D:4)
  2 centaurs (D:5)
  3 scorpions
  3 orc priests
  A bombardier beetle (D:4)
  A jelly (D:4)
  A sleepcap (D:5)
  Jessica (D:3)
  An iguana (D:5)
  3 orc wizards
  8 adders
  A shadow imp (D:5)
  12 dart slugs
  19 orcs
  3 ball pythons
  6 endoplasms
  3 giant cockroaches
  6 goblins
  4 hobgoblins
  7 kobolds
  2 quokkas (D:3)
  3 bats
  2 frilled lizards (D:1)
  3 rats
100 creatures vanquished.

Notes
Turn   | Place    | Note
-------+----------+-------------------------------------------
     0 | D:1      | Fodor the Minotaur Fighter began the quest for the Orb.
     0 | D:1      | Reached XP level 1. HP: 19/19 MP: 0/0
   236 | D:1      | Reached XP level 2. HP: 27/27 MP: 1/1
   650 | D:2      | Found a white marble altar of Elyvilon.
   784 | D:2      | Reached XP level 3. HP: 33/33 MP: 2/2
  1317 | D:3      | Reached skill level 3 in Axes
  1317 | D:3      | Reached XP level 4. HP: 36/41 MP: 3/3
  1445 | D:3      | Noticed Jessica
  1449 | D:3      | Killed Jessica
  1856 | D:3      | Reached skill level 5 in Armour
  1856 | D:3      | Reached XP level 5. HP: 43/47 MP: 4/4
  2322 | D:4      | Reached skill level 1 in Ranged Weapons
  2336 | D:4      | Noticed a black bear
  2342 | D:4      | Killed a black bear
  2343 | D:4      | Reached skill level 4 in Axes
  2367 | D:4      | Reached skill level 5 in Fighting
  2367 | D:4      | Reached XP level 6. HP: 41/56 MP: 5/5
  2644 | D:4      | Noticed Pikel
  2654 | D:4      | Killed Pikel
  2655 | D:4      | Reached skill level 6 in Axes
  2655 | D:4      | Reached skill level 1 in Dodging
  2655 | D:4      | Reached XP level 7. HP: 44/61 MP: 6/6
  3571 | D:5      | Entered Level 5 of the Dungeon
  3656 | D:5      | Found a runed translucent gate.
  3656 | D:5      | Found a runed translucent gate.
  3662 | D:5      | Reached skill level 1 in Stealth
  3662 | D:5      | Reached XP level 8. HP: 62/70 MP: 7/7
  3703 | D:5      | Noticed SuperJoe's ghost (novice OpRe)
  3704 | D:5      | Found a runed translucent gate.
  3765 | D:5      | Reached skill level 7 in Axes
  4494 | D:5      | Reached skill level 8 in Axes
  4771 | D:5      | Killed SuperJoe's ghost
  4772 | D:5      | Reached skill level 9 in Axes
  4772 | D:5      | Reached skill level 5 in Shields
  4792 | D:5      | Reached XP level 9. HP: 51/78 MP: 8/8
  5115 | D:5      | HP: 3/78 [orc warrior/+0 battleaxe (7)]
  5117 | D:5      | Killed from afar by an orc priest

Illustrated notes

Levels and vault maps discovered:
D:1:      minmay_arrival_semitransparent, layout_rooms,
          corexii_leaking_fountain, chequers_serial_rivers_small_3
D:2:      layout_loops_ring, basic_altar, chequers_jeans, kennysheep_crisscross,
          minmay_3d_cube
D:3:      layout_basic, uniq_jessica
D:4:      layout_gridville, uniq_pikel
D:5:      layout_basic, gammafunk_ghost_split
D:6:      kennysheep_slugbush, layout_rooms, good_gods_temple_1,
          nicolae_ossuary_entry_plus, uniq_crazy_yiuf_cottage

Skill      XL: |  1  2  3  4  5  6  7  8 |
---------------+-------------------------+-----
Armour         | 4 5 6 7 |  7.6
Fighting       | 4 5 6 |  6.5
Shields        | 4 5 |  5.0
Axes           | 3 4 6 9 |  9.3
Ranged Weapons | 2 3 |  3.6
Dodging        | 1 |  1.9
Stealth        | 1 |  1.2

Action                     |  1- 3 |  4- 6 |  7- 9 || total
---------------------------+-------+-------+-------++-------
  Melee: War axe           |    48 |    46 |   105 ||   199
         Headbutt          |     4 |     8 |    22 ||    34
         Sling             |       |       |     3 ||     3
   Fire: Sling             |       |    23 |    27 ||    50
    Use: Potion            |       |       |     2 ||     2
         Scroll            |       |       |     1 ||     1
 Armour: Scale mail        |     7 |       |       ||     7
         Chain mail        |    41 |    32 |   104 ||   177
  Dodge: Dodged            |    29 |    45 |    82 ||   156
  Block: Buckler           |    14 |    16 |    20 ||    50
